 Dungeon Crawl Stone Soup version 0.31-a0-150-g89dc3ad700 (webtiles) character file.

Game seed: 4215549273437730503

663 qw the Skirmisher (level 7, 0/44 HPs)
             Began as a Gargoyle Hunter on June 8, 2023.
             Slain by an orc wizard
             ... wielding a +0 dagger of flaming
              (2 damage)
             ... on level 5 of the Dungeon.
             The game lasted 00:01:10 (3884 turns).

qw the Skirmisher (Gargoyle Hunter)                 Turns: 3884, Time: 00:01:11

Health: 0/44       AC: 10    Str: 14    XL:     7   Next: 56%
Magic:  7/7        EV: 10    Int: 10    God:
Gold:   226        SH:  0    Dex: 15    Spells: 6/6 levels left

rFire   . . .        Y - +3 shortbow
rCold   . . .        (shield currently unavailable)
rNeg    + . .        d - +0 ring mail
rPois   inf          (no helmet)
rElec   +            (no cloak)
rCorr   .            (no gloves)
SInv    .            (no boots)
Will    .....        (no amulet)
Stlth   +            (no ring)
HPRegen 0.27/turn    (no ring)
MPRegen 0.10/turn

%: no passive effects
@: no status effects
A: sickness immunity, AC +4, negative energy resistance 1, electricity
resistance, torment resistance 1, petrification resistance
a: no special abilities


You were on level 5 of the Dungeon.
You visited 1 branch of the dungeon, and saw 5 of its levels.

You collected 226 gold pieces.


Innate Abilities, Weirdness & Mutations

You are immune to sickness and miasma.
Your stone body is resilient. (AC +4)
You are immune to poison.
You resist negative energy. (rN+)
You are resistant to electric shocks. (rElec)
You are resistant to unholy torment.
You are immune to petrification.


   Skills:
 + Level 4.5 Fighting
 - Level 8.1 Ranged Weapons
 - Level 1.2 Armour
 - Level 1.5 Dodging
 - Level 1.1 Stealth


You had 6 spell levels left.
You didn't know any spells.
Your spell library was empty.

Inventory:

Hand Weapons
 Y - a +3 shortbow (weapon)
Armour
 d - a +0 ring mail (worn)
Scrolls
 h - a scroll of identify
Potions
 a - a potion of haste
 e - a potion of degeneration {unknown}
 f - a potion of heal wounds {unknown}
 g - a potion of cancellation {unknown}
 j - a potion of curing

Dungeon Overview and Level Annotations

Branches:
Dungeon (5/15)
 Temple: D:4-7

Altars:
Cheibriados
Fedhas
Hepliaklqana
Zin


Message History

The orc wizard hits you with a +0 dagger of flaming.
The orc wizard burns you. The orc hits you with a +0 whip.
You shoot an arrow.
The arrow hits the orc wizard but does no damage.
The orc wizard is almost dead.
The orc wizard hits you with a +0 dagger of flaming.
The orc wizard burns you. The orc barely misses you.
The orc wizard gestures wildly while chanting.
The orc wizard flickers and vanishes!
Deactivating autopickup; reactivate with Ctrl-A.
The orc barely misses you.
You shoot an arrow. The arrow barely misses the orc.
The arrow hits the jelly.
The jelly is lightly wounded.
The orc hits you but does no damage. Something hits you. Something burns you.
You shoot an arrow.
The arrow hits the orc but does no damage.
You hear some strange, mumbled words.
A magic dart appears from out of thin air!
The magic dart hits you! The orc barely misses you.
You shoot an arrow. The arrow hits the orc.
The orc is heavily wounded.
Something hits you. Something burns you. The orc completely misses you.
You shoot an arrow. The arrow hits the orc!
You kill the orc!
Something hits you but does no damage.
You shoot an arrow. The arrow hits the jelly!
The jelly is almost dead.
Something hits you but does no damage. The jelly barely misses you.
You shoot an arrow. The arrow hits the jelly!
You kill the jelly!
You hear some strange, mumbled words.
A puff of flame appears from out of thin air!
The puff of flame hits you!
You shoot an arrow. Something hits you but does no damage.
You shoot an arrow. Something hits you. Something burns you.
You shoot an arrow. Something hits you.
You die...

#####
#######...#
.....))@..#
#8..8#{...##
#.. ##....#
. ##.#.##
#....#
#.##.## ..#
+.##..###
....
#.###...#
#.....
#..##...##


There were no monsters in sight!

Vanquished Creatures
  A water moccasin (D:5)
  A black bear (D:3)
  A scorpion (D:3)
  2 jellies (D:5)
  A hound (D:5)
  3 orc priests (D:4)
  An iguana (D:5)
  3 orc wizards
  A gnoll (D:1)
  2 adders
  An ufetubus (D:5)
  2 worms (D:3)
  A dart slug (D:3)
  8 orcs
  9 ball pythons
  9 endoplasms
  A giant cockroach (D:3)
  5 hobgoblins
  8 jackals
  5 kobolds
  3 quokkas
  3 bats
  3 frilled lizards
  6 goblins
  7 rats
87 creatures vanquished.

Notes
Turn   | Place    | Note
-------+----------+-------------------------------------------
     0 | D:1      | qw the Gargoyle Hunter began the quest for the Orb.
     0 | D:1      | Reached XP level 1. HP: 12/12 MP: 1/1
     0 | D:1      | 0 ||| qw: Version: 0.2-a-120-gdf1a93b
     0 | D:1      | 0 ||| qw: Game counter: 3020
     0 | D:1      | 0 ||| qw: Always use a shield: true
     0 | D:1      | 0 ||| qw: God list: Okawaru
     0 | D:1      | 0 ||| qw: Allow faded altars: false
     0 | D:1      | 0 ||| qw: Do Orc after D:15 true
     0 | D:1      | 0 ||| qw: Do second Lair branch before Depths: true
     0 | D:1      | 0 ||| qw: Lair rune preference: random
     0 | D:1      | 0 ||| qw: Plans: Normal
     0 | D:1      | 0 ||| PLANNING D:1-11
   176 | D:1      | Reached XP level 2. HP: 17/17 MP: 2/2
   419 | D:1      | Found a faded altar of an unknown god.
   425 | D:1      | HP: 2/17 [gnoll/+0 club (5)]
   431 | D:1      | Reached XP level 3. HP: 5/21 MP: 3/3
   572 | D:1      | Reached skill level 5 in Ranged Weapons
   590 | D:1      | 590 ||| READING scroll labelled WEHISE COFEK.
   591 | D:1      | 591 ||| READING scroll labelled NUIQUA YTIC.
   592 | D:1      | 592 ||| DROPPING scroll of butterflies.
   671 | D:2      | 671 ||| READING scroll of enchant weapon.
   671 | D:2      | 671 ||| ENCHANTING +1 shortbow.
  1168 | D:2      | Reached skill level 3 in Fighting
  1377 | D:2      | 1377 ||| UPGRADING to +0 ring mail.
  1387 | D:2      | 1387 ||| DROPPING +0 leather armour.
  1388 | D:2      | 1388 ||| READING scroll labelled QERUCUT QAININLI.
  1389 | D:2      | 1389 ||| READING scroll labelled VYZAGIWADA.
  1390 | D:2      | 1390 ||| READING 2 scrolls labelled EFICIH WE HEYT.
  1391 | D:2      | 1391 ||| READING scroll labelled VECLUCE GEOSCHA.
  1392 | D:2      | 1392 ||| DRINKING 3 grey potions.
  1393 | D:2      | 1393 ||| DRINKING 2 viscous blue potions.
  1396 | D:2      | 1396 ||| DROPPING 2 potions of enlightenment.
  1397 | D:2      | 1397 ||| DROPPING potion of ambrosia.
  1917 | D:3      | Reached XP level 4. HP: 28/28 MP: 4/4
  1957 | D:3      | Reached skill level 1 in Armour
  2087 | D:3      | Noticed a scorpion
  2095 | D:3      | Killed a scorpion
  2096 | D:3      | Reached XP level 5. HP: 29/32 MP: 5/5
  2475 | D:3      | 2475 ||| READING scroll labelled YNKAVE COPTA.
  2498 | D:3      | 2498 ||| READING scroll labelled EGGIOT LAEBBA.
  2501 | D:3      | 2501 ||| DRINKING 2 fuming yellow potions.
  2532 | D:3      | 2532 ||| DROPPING potion of lignification.
  2553 | D:4      | Noticed a black bear
  2562 | D:4      | 2562 ||| STAIRDANCE
  2564 | D:3      | Killed a black bear
  2565 | D:3      | Reached skill level 6 in Ranged Weapons
  2565 | D:3      | Reached XP level 6. HP: 30/37 MP: 6/6
  3133 | D:4      | 3133 ||| READING scroll of enchant weapon.
  3133 | D:4      | 3133 ||| ENCHANTING +2 shortbow.
  3150 | D:4      | Found a glowing silver altar of Zin.
  3156 | D:4      | Found a blossoming altar of Fedhas.
  3156 | D:4      | Found a hazy altar of Hepliaklqana.
  3161 | D:4      | Found a snail-covered altar of Cheibriados.
  3662 | D:4      | 3662 ||| DROPPING amulet of magic regeneration.
  3663 | D:4      | 3663 ||| DRINKING 3 golden potions.
  3664 | D:4      | 3664 ||| READING 2 scrolls of identify.
  3664 | D:4      | 3664 ||| IDENTIFYING bubbling coppery potion
  3708 | D:5      | Entered Level 5 of the Dungeon
  3722 | D:5      | 3722 ||| DRINKING 2 potions of curing.
  3722 | D:5      | 3722 ||| (to cure confusion)
  3724 | D:5      | 3724 ||| Stepping ~*~*~tactically~*~*~ (outnumbered).
  3732 | D:5      | Reached skill level 7 in Ranged Weapons
  3742 | D:5      | Reached XP level 7. HP: 28/43 MP: 7/7
  3872 | D:5      | Reached skill level 8 in Ranged Weapons
  3881 | D:5      | HP: 4/43 [something/puff of flame (7)]
  3884 | D:5      | Slain by an orc wizard

Levels and vault maps discovered:
D:1:      dpeg_chamrin_arrival_tetris, layout_rooms,
          dreamdust_ecumenical_altar_angels_and_demons
D:2:      layout_basic
D:3:      minmay_chambers_of_twos, layout_basic
D:4:      dreamdust_elfheim, layout_layer_cave, minitemple,
          kennysheep_small_spiral, corner_web_ring
D:5:      layout_basic, jmf_multi_god_temple, minivault_26, grunt_ministairs_1,
          uniq_duvessa

Skill      XL: |  1  2  3  4  5  6  7 |
---------------+----------------------+-----
Ranged Weapons | 5 6 7 8 |  8.1
Fighting       | 3 4 |  4.5
Armour         | 1 |  1.2
Dodging        | |  1.5
Stealth        | |  1.1

Action                     |  1- 3 |  4- 6 |  7- 9 || total
---------------------------+-------+-------+-------++-------
   Fire: Shortbow          |   109 |   109 |    39 ||   257
    Use: Scroll            |     7 |     4 |       ||    11
         Potion            |     2 |     3 |       ||     5
 Armour: Leather armour    |    12 |       |       ||    12
         Ring mail         |     1 |    32 |    17 ||    50
  Dodge: Dodged            |    20 |    22 |    16 ||    58

Table legend:
 A = Non-vault XP
 B = Vault XP
 C = Vault XP percentage of total XP
 D = Non-vault monster count
 E = Vault monster count
 F = Vault count percentage of total count
                 A         B        C        D         E       F
            +---------+---------+-------+---------+---------+-------
      Total |     759 |     189 |  19.9 |      77 |      10 |  11.5
            +---------+---------+-------+---------+---------+-------
        D:1 |      40 |       0 |   0.0 |      18 |       0 |   0.0
        D:2 |      36 |       0 |   0.0 |      22 |       0 |   0.0
        D:3 |     153 |     101 |  39.8 |       8 |       8 |  50.0
        D:4 |     190 |       0 |   0.0 |      16 |       0 |   0.0
        D:5 |     340 |      88 |  20.6 |      13 |       2 |  13.3
            +---------+---------+-------+---------+---------+-------
